Map: Orbital Shipyard

Players

SticklerMac

  • Race: Zerg Zerg

Protossalien - Winner!

  • Race: Protoss Protoss
  • League: Grandmaster

VOD

Have the link to the VOD?

Description

Time

  • Played on: Aug. 6, 2015, 6:47 p.m.
  • Length: 17:43
Show
View Real Time Build Order
Export as new Build Order

SticklerMac Zerg 

Build Orders: Hatch First 

Get SALT Encoding   

  12  0:01  Drone  
  13  0:08  Drone  
  14  0:17  Overlord  
  14  0:35  Drone x3  
  17  0:54  Hatchery  
  17  0:56  Drone  
  17  0:59  Drone  
  18  1:07  Drone  
  19  1:16  Spawning Pool  
  18  1:19  Drone  
  18  1:24  Extractor  
  18  1:31  Drone  
  19  1:44  Drone  
  20  1:51  Drone  
  21  2:03  Drone  
  22  2:08  Queen x2  
  22  2:10  Zergling x2  
  22  2:15  Zergling x2  
  28  2:25  Hatchery  
  28  2:28  Drone  
  28  2:32  Metabolic Boost  
  28  2:37  Overlord  
  28  2:51  Overlord  
  28  2:52  Overlord  
  28  2:56  Drone  
  28  2:57  Drone  
  31  2:58  Drone  
  31  3:01  Drone  
  32  3:06  Zergling x4  
  34  3:21  Zergling x2  
  34  3:22  Zergling x2  
  34  3:26  Zergling x2  
  37  3:27  Zergling x8  
  37  3:28  Zergling x2  
  42  3:37  Zergling x6  
  42  3:38  Zergling x2  
  46  3:48  Baneling Nest  
  45  3:50  Zergling x6  
  45  3:52  Zergling x2  
  46  4:14  Zergling x4  
  46  4:15  Zergling x14  
  55  4:19  Zergling x4  
  57  4:33  Overlord  
  57  4:51  Queen x2  
  61  4:57  Zergling x2  
  61  4:58  Zergling x6  
  65  5:10  Baneling  
  65  5:11  Baneling x6  
  65  5:12  Baneling x7  
  65  5:14  Overlord  
  65  5:15  Overlord  
  65  5:23  Overlord  
  65  5:24  Overlord  
  59  5:42  Zergling x2  
  59  5:43  Zergling x12  
  59  5:44  Zergling x2  
  59  5:48  Zergling x2  
  64  5:50  Zergling x2  
  64  5:54  Zergling x4  
  62  5:58  Zergling x2  
  62  6:00  Zergling x2  
  57  6:09  Zergling x4  
  57  6:10  Zergling x4  
  55  6:23  Queen  
  57  6:27  Zergling x2  
  57  6:28  Zergling x8  
  57  6:31  Drone  
  63  6:34  Extractor  
  61  6:41  Zergling x6  
  59  6:48  Zergling x2  
  59  6:49  Zergling x4  
  62  6:57  Zergling x8  
  64  7:07  Zergling x6  
  64  7:08  Zergling x2  
  64  7:21  Zergling x4  
  65  7:24  Zergling x2  
  65  7:25  Zergling x2  
  51  7:32  Zergling x2  
  45  7:37  Lair, Zergling x2  
  43  7:52  Zergling x4  
  44  8:01  Zergling x2  
  44  8:02  Zergling x2  
  46  8:17  Drone x3  
  49  8:26  Drone x3  
  52  8:30  Hatchery  
  51  8:49  Zergling x4  
  51  8:50  Zergling x4  
  55  9:05  Spire  
  55  9:08  Overseer x2  
  54  9:11  Zergling x2  
  54  9:12  Zergling x6  
  54  9:15  Drone  
  54  9:16  Drone x3  
  62  9:25  Drone x3  
  62  9:26  Drone x3  
  68  9:42  Drone x2  
  68  9:43  Drone  
  68  9:44  Queen  
  75  9:52  Drone x2  
  75  9:53  Drone x6  
  75  9:54  Drone  
  75  9:57  Extractor  
  81  10:22  Drone  
  81  10:24  Mutalisk x4  
  90  10:29  Drone x3  
  93  10:36  Drone x3, Extractor x2  
  93  10:37  Drone x3  
  93  10:40  Extractor  
  93  10:41  Overlord x5  
  96  10:48  Drone  
  97  10:51  Overlord x2  
  97  11:12  Mutalisk  
  97  11:13  Mutalisk x3  
  97  11:16  Mutalisk  
  107  11:22  Mutalisk  
  109  11:34  Zergling x2  
  109  11:35  Zergling x2  
  108  11:52  Mutalisk x4  
  116  11:56  Zergling x8  
  116  11:57  Zergling x22  
  131  12:14  Overseer  
  131  12:18  Overseer  
  131  12:20  Zergling x2  
  131  12:21  Zergling x10  
  137  12:23  Mutalisk  
  139  12:42  Mutalisk x5  
  149  12:45  Zergling x10  
  149  12:48  Overlord  
  149  12:49  Overlord x6  
  154  12:54  Hatchery  
  153  13:00  Overlord x3  
  153  13:01  Hatchery  
  152  13:06  Pneumatized Carapace  
  152  13:09  Mutalisk  
  152  13:10  Mutalisk x2  
  158  13:22  Zergling x6  
  158  13:25  Mutalisk  
  163  13:31  Mutalisk  
  163  13:32  Mutalisk  
  167  13:38  Mutalisk  
  166  13:46  Mutalisk  
  169  13:48  Zergling x2  
  169  13:49  Zergling x22  
  180  13:57  Mutalisk  
  180  13:59  Mutalisk  
  184  14:06  Queen  
  186  14:33  Mutalisk x2, Zergling x8  
  186  14:34  Mutalisk x2  
  186  14:35  Zergling x2  
  186  14:36  Zergling x2  
  199  15:19  Mutalisk  
  142  16:17  Zergling x10  
  142  16:18  Zergling x26  
  112  16:19  Zergling x28  
  112  16:20  Zergling x26  
  108  16:30  Overseer  
  108  16:31  Overseer  
  108  16:36  Mutalisk x4  
  108  16:37  Mutalisk  
  118  16:47  Mutalisk  
  118  16:48  Mutalisk x3  
  118  16:52  Mutalisk  
  128  16:58  Mutalisk  
  128  16:59  Mutalisk x2  
  134  17:04  Mutalisk x3  
  134  17:07  Mutalisk  
  137  17:08  Zergling x2  
  137  17:09  Zergling x14  
  145  17:15  Mutalisk  
  145  17:18  Zergling x14  
Show
View Real Time Build Order
Export as new Build Order

Protossalien Protoss - Winner!

Build Orders: 1 Gate Expand 

Get SALT Encoding   

  12  0:01  Probe  
  13  0:14  Pylon  
  13  0:18  Probe  
  14  0:32  Probe (Chrono Boost)  
  15  0:41  Gateway  
  15  0:42  Probe (Chrono Boost)  
  16  0:49  Probe, Assimilator  
  17  1:01  Probe (Chrono Boost)  
  19  1:13  Probe (Chrono Boost), Pylon  
  19  1:19  Probe (Chrono Boost)  
  20  1:38  Nexus  
  20  1:51  Probe (Chrono Boost)  
  20  1:53  Cybernetics Core  
  21  2:01  Probe (Chrono Boost)  
  21  2:07  Pylon  
  21  2:08  Probe (Chrono Boost)  
  21  2:09  Assimilator  
  22  2:19  Probe (Chrono Boost)  
  23  2:27  Forge  
  23  2:29  Probe  
  24  2:31  Warp Gate  
  24  2:36  Adept  
  26  2:42  Mothership Core (Chrono Boost)  
  28  2:56  Probe (Chrono Boost), Robotics Facility  
  29  3:07  Photon Cannon  
  29  3:09  Probe (Chrono Boost)  
  31  3:14  Probe (Chrono Boost)  
  32  3:21  Probe (Chrono Boost)  
  33  3:28  Probe (Chrono Boost)  
  33  3:32  Probe (Chrono Boost)  
  35  3:35  Probe (Chrono Boost)  
  35  3:39  Probe (Chrono Boost)  
  36  3:42  Probe  
  36  3:43  Warp Prism (Chrono Boost)  
  39  3:50  Probe  
  39  3:55  Probe  
  41  4:02  Probe  
  42  4:07  Probe  
  43  4:14  Immortal (Chrono Boost), Probe  
  48  4:19  Probe  
  48  4:21  Gateway x2  
  49  4:24  Gateway  
  49  4:28  Gateway  
  49  4:30  Gateway  
  49  4:35  Gateway  
  49  4:40  Gateway  
  49  4:51  Pylon  
  49  4:55  Pylon  
  49  5:02  Pylon  
  49  5:08  Sentry  
  49  5:11  Immortal (Chrono Boost)  
  49  5:12  Pylon  
  55  5:14  Pylon  
  55  5:17  Pylon  
  55  5:32  Photon Cannon  
  55  5:33  Photon Cannon  
  55  5:40  Observer (Chrono Boost)  
  56  5:44  Sentry x2  
  56  5:45  Sentry  
  60  6:01  Pylon  
  60  6:03  Pylon  
  60  6:05  Sentry x2, Pylon  
  60  6:06  Sentry  
  66  6:23  Pylon  
  66  6:28  Observer (Chrono Boost)  
  66  6:32  Probe (Chrono Boost)  
  68  6:37  Pylon  
  68  6:40  Pylon, Assimilator  
  68  6:43  Probe (Chrono Boost)  
  68  6:46  Assimilator  
  67  6:47  Pylon  
  67  6:49  Probe (Chrono Boost)  
  67  6:51  Zealot x2  
  67  6:52  Zealot x5  
  83  7:01  Probe  
  83  7:12  Stalker  
  83  7:13  Stalker x5  
  83  7:14  Zealot  
  71  7:43  Zealot  
  63  7:44  Zealot x4  
  63  7:45  Zealot x2  
  61  7:54  Probe x2 (Chrono Boost)  
  63  8:04  Probe x2 (Chrono Boost)  
  65  8:11  Probe  
  66  8:19  Robotics Facility  
  66  8:21  Robotics Bay  
  66  8:29  Pylon  
  66  8:48  Pylon  
  66  8:50  Zealot x6  
  66  8:51  Zealot  
  66  8:54  Nexus  
  80  8:56  Pylon  
  80  8:57  Extended Thermal Lance  
  80  9:13  Colossus (Chrono Boost)  
  86  9:21  Colossus (Chrono Boost)  
  92  9:51  Colossus (Chrono Boost)  
  98  10:06  Assimilator  
  98  10:10  Assimilator  
  104  10:14  Pylon  
  104  10:15  Probe x3, Colossus (Chrono Boost)  
  104  10:16  Pylon  
  107  10:29  Twilight Council  
  107  10:38  Nexus  
  107  10:40  Immortal (Chrono Boost)  
  111  10:44  Protoss Ground Weapons Level 1  
  111  10:50  Probe  
  111  10:51  Immortal (Chrono Boost)  
  116  11:02  Pylon  
  116  11:05  Pylon  
  116  11:09  Stalker  
  116  11:10  Stalker x2  
  126  11:12  Immortal (Chrono Boost)  
  126  11:16  Probe x3  
  129  11:19  Immortal (Chrono Boost)  
  132  11:27  Zealot x4  
  140  11:43  Stalker x3  
  138  11:51  Immortal (Chrono Boost)  
  140  12:09  Probe (Chrono Boost), Photon Cannon  
  140  12:12  Probe (Chrono Boost)  
  140  12:13  Probe (Chrono Boost)  
  140  12:14  Photon Cannon  
  143  12:17  Photon Cannon  
  143  12:21  Probe (Chrono Boost), Blink (Chrono Boost)  
  146  12:23  Probe (Chrono Boost)  
  146  12:24  Probe (Chrono Boost)  
  146  12:28  Probe (Chrono Boost)  
  146  12:29  Probe (Chrono Boost)  
  149  12:30  Probe (Chrono Boost)  
  149  12:31  Probe (Chrono Boost)  
  149  12:35  Assimilator  
  150  12:38  Photon Cannon  
  150  12:40  Photon Cannon, Assimilator  
  150  12:48  Stalker x2  
  154  12:58  Stalker x3  
  159  13:07  Pylon  
  159  13:14  Stalker x3  
  165  13:20  Pylon  
  165  13:23  Photon Cannon  
  165  13:25  Photon Cannon  
  164  13:32  Stalker x3  
  170  13:39  Pylon  
  170  13:40  Protoss Ground Weapons Level 2 (Chrono Boost)  
  170  13:50  Warp Prism  
  170  13:54  Pylon  
  172  14:02  Pylon  
  172  14:13  Nexus  
  172  14:17  Pylon  
  172  14:33  Stalker x3  
  172  14:34  Stalker x4  
  186  14:43  Stargate  
  186  14:47  Stargate  
  186  14:50  Stargate  
  184  14:54  Nexus  
  184  14:57  Pylon  
  184  14:59  Zealot x2  
  188  15:10  Pylon  
  184  15:37  Phoenix  
  184  15:38  Phoenix x2  
  184  15:42  Protoss Ground Armor Level 1  
  190  15:47  Assimilator  
  190  15:48  Assimilator  
  190  15:51  Photon Cannon  
  190  15:53  Photon Cannon  
  190  15:55  Photon Cannon  
  182  15:57  Photon Cannon  
  182  15:59  Photon Cannon  
  161  16:16  Stalker x7  
  155  16:25  Phoenix x3 (Chrono Boost)  
  149  16:42  Pylon  
  155  16:48  Probe x4, Phoenix x3 (Chrono Boost)  
  159  17:08  Stalker x4  
  167  17:21  Stalker x2  
Tags
 
Add a new tag
Caveats
  • Supply blocks, unpowered buildings, or Contaminate may cause inaccurate times.
  • Supply counts are checked every 10 seconds.